 Dungeon Crawl Stone Soup version bcrawl-1.27.6 (webtiles) character file.

Game seed: 8147166047788377500

581309 Faustar the Brawler (level 14, -2/154 HPs)
             Began as a Troll Fighter on Sept 4, 2020.
             Was the Champion of the Shining One.
             Slain by a faun
             ... wielding a +0 spear
              (17 damage)
             ... on level 1 of the Shoals on Sept 5, 2020.
             The game lasted 00:38:56 (14690 turns).

Faustar the Brawler (Troll Fighter)                Turns: 14690, Time: 00:38:56

Health: -2/154     AC: 12    Str: 29    XL:     14   Next: 24%
Magic:  20/20      EV: 10    Int:  5    God:    the Shining One [******]
Gold:   2949       SH:  0    Dex: 11    Spells: 13/13 levels left

rFire    x . .     SeeInvis .     - Claws (46.2)
rCold    + . .     Gourm    +   (no shield)
rNeg     + + +     Faith    .   (armour unavailable)
rPois    +         Spirit   .   y - +2 hat
rElec    .         Reflect  .   (no cloak)
rCorr    .         Harm     .   (gloves unavailable)
MR       +....                  (boots unavailable)
Stlth    +.........             O - amulet of the acrobat
HPRegen  1.15/turn              L - ring of poison resistance
MPRegen  0.17/turn              z - ring of ice

@: glowing
A: large, almost no armour, claws 3, fast metabolism 3, gourmand, regeneration
2, AC +10
a: Divine Shield, Cleansing Flame, Summon Divine Warrior, Brand Weapon With Holy
Wrath, Renounce Religion


You were on level 1 of the Shoals.
You worshipped the Shining One.
The Shining One was exalted by your worship.
You were completely stuffed.

You visited 5 branches of the dungeon, and saw 19 of its levels.
You also visited: Bailey.

You collected 2949 gold pieces.

Inventory:

Hand Weapons
 M - the cursed +1 hand axe of Dedwied {antimagic, rF+ rC++, unknown}
   (You found it on level 2 of the Lair of Beasts)

   It reduces the magical energy of the wielder, and disrupts the spells and
   magical abilities of those hit.
   Natural abilities and divine invocations are not affected.
   It protects you from fire.
   It greatly protects you from cold.
   It has a curse placed upon it.
 S - the +8 trident "Pyanud" {venom, Str+5, unknown}
   (You found it on level 1 of the Shoals)

   It poisons the flesh of those it strikes.
   It affects your strength (+5).
 W - the +6 quarterstaff of the World {holy, SInv, unknown}
   (You found it on level 6 of the Lair of Beasts)

   It has been blessed by the Shining One to cause great damage to the undead
   and demons.
   It lets you see invisible.
Missiles
 P - 2 throwing nets {=f}
Armour
 a - a +0 medium shield
 y - a +2 hat (worn)
Jewellery
 n - a +3 ring of intelligence
 p - the ring of Basol {Fire Dex+4}
   (You found it on level 2 of the Dungeon)

   [ring of fire]

   It enhances your fire magic.
   It affects your dexterity (+4).
   It protects you from fire.
   It makes you vulnerable to cold.
 z - a ring of ice (right claw)
 E - an uncursed ring of positive energy
 G - an uncursed ring of resist corrosion
 K - a +4 ring of intelligence
 L - a ring of poison resistance (left claw)
 O - an amulet of the acrobat (around neck)
 Q - a +2 ring of dexterity
 U - an uncursed ring of insulation
Wands
 v - a wand of random effects (6)
 x - a wand of scattershot (5)
 B - a wand of clouds (11)
 C - a wand of flame (14)
 D - a wand of disintegration (26)
 H - a wand of acid (6)
 I - a wand of polymorph (9)
 N - a wand of iceblast (12)
Scrolls
 c - 3 scrolls of identify
 d - 4 scrolls of magic mapping
 h - 12 scrolls of teleportation
 j - 4 scrolls of fog
 l - 3 scrolls of remove curse
 o - a scroll of enchant weapon
 t - 3 scrolls of blinking
 u - 3 scrolls of immolation
 F - 3 scrolls of vulnerability
 J - 3 scrolls of noise
 R - 3 scrolls of enchant armour
 T - a scroll of fear
 V - a scroll of acquirement {unknown}
Potions
 b - 4 potions of might
 f - 3 potions of resistance
 g - a potion of agility
 i - 5 potions of curing
 k - 7 potions of brilliance
 q - 2 potions of invisibility
 r - a potion of ambrosia
 s - 4 potions of mutation
 w - 5 potions of lignification
 A - 3 potions of heal wounds
Comestibles
 e - 35 rations {!d}
 m - 2 chunks of flesh


   Skills:
 - Level 13.7 Fighting
 - Level 2.4 Dodging
 * Level 6.6 Shields
 - Level 15.9 Unarmed Combat
 - Level 10.0 Invocations


You had 13 spell levels left.
You didn't know any spells.
Your spell library contained the following spells:

 Spells                   Type           Power        Failure   Level  Hunger
 Apportation              Tloc           #.....       47%         1    None
 Beastly Appendage        Tmut           #.....       47%         1    None
 Flame Tongue             Conj/Fire      #....        47%         1    None
 Infusion                 Chrm           #.......     47%         1    None
 Sandblast                Erth           #.....       47%         1    None
 Slow                     Hex            #.......     47%         1    None
 Summon Butterflies       Summ           #.......     47%         1    None
 Flaming Arrows           Chrm/Fire      #.......     63%         2    ####...
 Passwall                 Tmut/Erth      #.......     63%         2    ####...
 Poisonous Vapours        Pois/Air       #.....       63%         2    ####...
 Sticks to Snakes         Tmut           #.......     63%         2    ####...
 Beckoning                Tloc           #.........   85%         3    #####..
 Confuse                  Hex            #.......     85%         3    #####..
 Conjure Flame            Conj/Fire      #.......     85%         3    #####..
 Dazzling Orbs            Conj/Hex       #......      85%         3    #####..
 Inner Flame              Hex/Fire       N/A          85%         3    #####..
 Mephitic Cloud           Conj/Pois/Air  #.......     85%         3    #####..
 Spider Form              Tmut/Pois      #..          85%         3    #####..
 Stone Arrow              Conj/Erth      #.....       85%         3    #####..
 Tukima's Dance           Hex            #.......     85%         3    #####..
 Ice Form                 Ice/Tmut       #.......     99%         4    ######.
 Petrify                  Tmut/Erth      #.........   99%         4    ######.
 Sticky Flame             Conj/Fire      #.......     99%         4    ######.
 Yara's Violent Unravell  Hex/Tmut       #.........   99%         4    ######.
 Blade Hands              Tmut           #.........   100%        5    #######
 Fireball                 Conj/Fire      #.........   100%        5    #######
 Lee's Rapid Deconstruct  Erth           #.........   100%        5    #######
 Metabolic Englaciation   Hex/Ice        #.........   100%        5    #######
 Death Channel            Chrm/Necr      #.........   100%        6    #######
 Freezing Cloud           Ice/Air        #.........   100%        6    #######
 Invisibility             Hex            #.......     100%        6    #######
 Steam Barrier            Chrm/Fire      #.........   100%        6    #######
 Haunt                    Necr/Summ      #.........   100%        7    #######
 Mana Rupture             Conj/Hex       #.........   100%        7    #######
 Borgnjor's Revivificati  Necr           #.........   100%        8    #######
 Necromutation            Tmut/Necr      #.......     100%        8    #######


Dungeon Overview and Level Annotations

Branches:
Dungeon (10/12)            Temple (1/1) D:4            Lair (6/6) D:8
 Shoals (1/3) Lair:3        Snake (0/3) Lair:4        Slime (0/5) Lair:6
    Orc (1/1) D:10            Elf (0/3) Orc

Altars:
Ashenzari
Elyvilon
Gozag
Kikubaaqudgha
Lugonu
Nemelex Xobeh
Vehumet
The Shining One
Jiyva

Shops:
D:5 [[   Orc :=*[(

Annotations:
D:4 exclusion: 2 doors
Lair:6 1 runed door


Innate Abilities, Weirdness & Mutations

You cannot wear most types of armour.
Your thick skin is tough. (AC +10)
You are too large for most types of armour.
You have claws for hands.
Your metabolism is lightning-fast.
You like to eat raw meat.
You heal very quickly.


Message History

The faun barely misses you.
The faun shoots a stone.
The stone hits you.
* * * LOW HITPOINT WARNING * * *
The faun hits you but does no damage.
Wear which item? (? for menu, Esc to quit)
The faun hits you with a +0 spear.
Keep equipping yourself?
* * * LOW HITPOINT WARNING * * *
The faun hits you with a +0 club!!
* * * LOW HITPOINT WARNING * * *
You start putting on your armour.
You continue putting on your +0 medium shield.
The faun barely misses you. The faun closely misses you.
You continue putting on your +0 medium shield.
The faun hits you with a +0 spear.
* * * LOW HITPOINT WARNING * * *
The faun shoots a stone.
The stone closely misses you. The faun hits you but does no damage.
You continue putting on your +0 medium shield.
The faun hits you with a +0 spear!
You die...

.≈≈≈≈≈≈≈
....≈≈≈≈≈......≈≈≈≈≈≈≈≈.
≈...≈≈.≈.......≈≈≈≈≈≈
≈.(≈≈≈..≈≈.....≈.≈≈≈. ..
....≈≈≈≈≈..≈..≈≈≈≈# #.
...≈≈≈....≈≈≈≈≈≈≈###.
#..........≈≈≈≈≈≈≈.≈
##c.........≈≈≈≈≈≈≈≈
#.)@##.....≈≈≈≈≈≈≈≈≈
#.c.....#..≈≈≈≈≈≈≈..
##≈....###≈≈≈.≈≈≈≈≈≈
#)..≈≈....≈≈≈≈≈≈≈≈≈
#)c.≈≈≈...≈≈≈≈≈≈≈≈.
#.≈...≈....≈≈≈≈≈≈≈≈.
#.≈..≈≈...≈[≈≈..≈≈..
##...≈≈..........≈≈≈
###.≈≈≈........##.≈≈≈


You could see 3 fauns.

Vanquished Creatures
  An orc warlord (D:10)
  A fire dragon (Lair:6)
  3 hydras
  An ice dragon (Lair:4)
  A satyr (Shoals:1)
  An alligator (Lair:5)
  3 death yaks
  A tengu warrior (D:10)
  A sea snake (Shoals:1)
  A lindwurm (Lair:6)
  Pikel (D:6)
  An orc knight (D:10)
  An orc sorcerer (Orc)
  6 fauns (Shoals:1)
  An ugly thing (D:10)
  A manticore (D:10)
  6 elephants (Lair:4)
  A merfolk siren (Lair:3)
  A torpor snail (Lair:5)
  5 black mambas
  3 molten gargoyles (Lair:6)
  A water nymph (Shoals:1)
  7 cane toads
  4 rime drakes
  11 komodo dragons
  6 trolls
  A merfolk (Shoals:1)
  A polar bear (Lair:1)
  A hornet (D:10)
  13 blink frogs
  2 hippogriffs
  2 water elementals (Shoals:1)
  7 wyverns
  A wraith (D:10)
  3 fire bats
  33 yaks
  A spriggan (D:7)
  4 basilisks
  2 steam dragons (Lair:6)
  A naga (Lair:4)
  A hungry ghost (D:7)
  A warg (Orc)
  An acid dragon (D:6)
  Edmund (D:5)
  A water moccasin (Lair:3)
  12 crocodiles
  Duvessa (D:6)
  3 porcupines
  4 hell hounds (Lair:6)
  2 black bears
  28 orc warriors
  A slave (D:6)
  4 sky beasts
  2 phantoms (D:7)
  4 ice beasts
  5 ogres
  2 centaurs
  18 wolves
  12 bullfrogs
  A gnoll sergeant (D:8)
  Dowan (D:6)
  3 scorpions
  6 killer bees (D:8)
  2 howler monkeys
  6 crimson imps
  3 lava snakes (Lair:6)
  4 centaur zombies
  3 hounds
  A quasit (D:8)
  A bullfrog zombie (D:7)
  2 bullfrog skeletons
  3 jellies
  16 orc priests
  2 centaur skeletons
  23 orc wizards
  4 iguanas
  12 worker ants
  A hound skeleton (D:10)
  2 worker ant zombies (D:9)
  6 gnolls
  9 adders
  4 shadow imps
  3 white imps (Lair:4)
  An ooze (D:1)
  2 adder zombies
  3 adder skeletons
  A worm (D:2)
  4 dart slugs
  5 leopard geckos
  76 orcs
  2 ball pythons
  9 bats
  7 giant cockroaches
  24 goblins
  15 hobgoblins
  A jackal (D:4)
  2 quokkas
  5 frilled lizards
  A jackal skeleton (D:7)
  A jackal zombie (D:7)
  17 kobolds
  7 rats
  A butterfly (D:4)
  9 plants (Lair:6)
556 creatures vanquished.

Vanquished Creatures (collateral kills)
  A hydra (Lair:6)
1 creature vanquished.

Vanquished Creatures (others)
  A merfolk siren (Shoals:1)
  An orc (Orc)
  3 kobolds (Bailey)
  7 fungi
  10 plants
22 creatures vanquished.

Grand Total: 579 creatures vanquished

Notes
Turn   | Place    | Note
-------+----------+-------------------------------------------
     0 | D:1      | Faustar the Troll Fighter began the quest for the Orb.
     0 | D:1      | Reached XP level 1. HP: 22/22 MP: 0/0
   205 | D:1      | Reached XP level 2. HP: 25/29 MP: 1/1
   320 | D:1      | Reached XP level 3. HP: 37/37 MP: 2/2
   622 | D:1      | Reached skill level 3 in Unarmed Combat
  1119 | D:2      | Gained mutation: Your natural rate of healing is unusually
                  | fast. [Troll growth]
  1119 | D:2      | Reached XP level 4. HP: 42/45 MP: 3/3
  1141 | D:2      | Found a faded altar of an unknown god.
  1183 | D:2      | Became a worshipper of the Shining One
  1183 | D:2      | Reached * piety under the Shining One
  1261 | D:2      | Got a warped tin ring
  1355 | D:2      | Identified the ring of Basol {Fire Dex+4} (You found it on
                  | level 2 of the Dungeon)
  1618 | D:3      | Noticed a sky beast
  1625 | D:3      | Killed a sky beast
  1625 | D:3      | Reached skill level 4 in Unarmed Combat
  1625 | D:3      | Reached XP level 5. HP: 33/54 MP: 4/4
  1804 | D:4      | Found a staircase to the Ecumenical Temple.
  1825 | D:4      | Reached XP level 6. HP: 62/62 MP: 5/5
  1843 | Temple   | Entered the Ecumenical Temple
  1928 | D:4      | Reached skill level 5 in Unarmed Combat
  1969 | D:4      | Found a sparkling altar of Nemelex Xobeh.
  2285 | D:4      | Reached ** piety under the Shining One
  2338 | D:4      | Reached skill level 5 in Fighting
  2338 | D:4      | Reached XP level 7. HP: 72/72 MP: 6/6
  2555 | D:5      | Entered Level 5 of the Dungeon
  2561 | D:5      | Reached skill level 6 in Unarmed Combat
  2593 | D:5      | Found Yhuaz's Armour Shoppe.
  2691 | D:5      | Found Pitwol's Armour Shoppe.
  2722 | D:5      | Noticed Edmund
  2735 | D:5      | Killed Edmund
  2922 | D:5      | Reached XP level 8. HP: 81/83 MP: 7/7
  2927 | D:5      | Reached skill level 7 in Unarmed Combat
  3364 | D:6      | Found an ancient bone altar of Kikubaaqudgha.
  3406 | D:6      | Noticed Duvessa
  3416 | D:6      | Killed Duvessa
  3419 | D:6      | Noticed Dowan
  3429 | D:6      | Killed Dowan
  3473 | D:6      | Reached skill level 8 in Unarmed Combat
  3871 | D:6      | Noticed Pikel
  3944 | D:6      | Killed Pikel
  3944 | D:6      | Reached skill level 9 in Unarmed Combat
  3944 | D:6      | Reached XP level 9. HP: 88/94 MP: 8/8
  4337 | D:7      | Reached skill level 10 in Unarmed Combat
  4378 | D:7      | Noticed a troll
  4384 | D:7      | Killed a troll
  4437 | D:7      | Found a radiant altar of Vehumet.
  4499 | D:7      | Noticed a komodo dragon
  4512 | D:7      | Killed a komodo dragon
  4512 | D:7      | Reached skill level 11 in Unarmed Combat
  4524 | D:7      | Reached *** piety under the Shining One
  4612 | D:7      | Reached XP level 10. HP: 107/107 MP: 9/9
  4622 | D:7      | Reached skill level 12 in Unarmed Combat
  4837 | D:7      | Found an opulent altar of Gozag.
  5178 | D:8      | Noticed a death yak
  5178 | D:8      | Reached **** piety under the Shining One
  5209 | D:8      | Reached skill level 13 in Unarmed Combat
  5254 | D:8      | Noticed a death yak
  5273 | D:7      | Killed a death yak
  5273 | D:7      | Reached skill level 10 in Fighting
  5415 | D:8      | Found a corrupted altar of Lugonu.
  5482 | D:8      | Reached skill level 14 in Unarmed Combat
  5794 | D:8      | Found a staircase to the Lair.
  5819 | D:8      | Killed a death yak
  5819 | D:8      | Reached XP level 11. HP: 55/119 MP: 10/10
  6287 | D:9      | Found a shattered altar of Ashenzari.
  6759 | Lair:1   | Entered Level 1 of the Lair of Beasts
  7091 | Lair:1   | Reached skill level 15 in Unarmed Combat
  7874 | Lair:2   | Reached ***** piety under the Shining One
  8203 | Lair:2   | Got a crystal hand axe
  8606 | Lair:2   | Gained mutation: You heal very quickly. [Troll growth]
  8606 | Lair:2   | Reached XP level 12. HP: 55/132 MP: 11/11
  8769 | Lair:3   | Found a staircase to the Shoals.
  8771 | Lair:3   | Reached skill level 1 in Invocations
  9425 | Lair:4   | Reached skill level 5 in Invocations
  9582 | Lair:4   | Noticed an ice dragon
  9603 | Lair:4   | Killed an ice dragon
  9635 | Lair:4   | Found a staircase to the Snake Pit.
 10145 | Lair:5   | Noticed an eight-headed hydra
 10154 | Lair:5   | Killed a ten-headed hydra
 10921 | Lair:6   | Entered Level 6 of the Lair of Beasts
 10921 | Lair:6   | Noticed a seven-headed hydra
 10921 | Lair:6   | Noticed an alligator
 10930 | Lair:5   | Killed an alligator
 10981 | Lair:6   | Reached XP level 13. HP: 129/141 MP: 18/18
 11435 | Lair:6   | Got a buzzing quarterstaff
 11563 | Lair:6   | Reached skill level 10 in Invocations
 11652 | Lair:6   | Found a large runed door.
 11655 | Lair:6   | Found a large runed door.
 11984 | Lair:6   | Found a runed door.
 11984 | Lair:6   | Found a viscous altar of Jiyva.
 11984 | Lair:6   | Noticed an azure jelly
 11985 | Lair:6   | Found a staircase to the Slime Pits.
 11985 | Lair:6   | Noticed an azure jelly
 11985 | Lair:6   | Noticed an azure jelly
 12079 | Lair:6   | Noticed a fire dragon
 12317 | Lair:6   | Killed a fire dragon
 12649 | D:10     | Entered Level 10 of the Dungeon
 12694 | D:10     | Found a flagged portal.
 12710 | Bailey   | Entered a bailey
 12937 | D:10     | Found a staircase to the Orcish Mines.
 13550 | Orc      | Entered the Orcish Mines
 13605 | Orc      | Found Muhyllo's Book Shop.
 13620 | Orc      | Found a staircase to the Elven Halls.
 13745 | Orc      | Noticed an orc warlord
 13835 | D:10     | Killed an orc warlord
 13835 | D:10     | Reached skill level 5 in Shields
 13908 | D:10     | Reached XP level 14. HP: 93/154 MP: 20/20
 13992 | D:10     | Reached ****** piety under the Shining One
 14059 | Orc      | Found Wieloh's Antique Armour Shop.
 14059 | Orc      | Found Namp's Antique Weapon Boutique.
 14060 | Orc      | Found Moqejen's General Store.
 14060 | Orc      | Found Atasoep's Jewellery Shop.
 14073 | Orc      | Paralysed by an orc sorcerer for 2 turns
 14317 | Shoals:1 | Entered Level 1 of the Shoals
 14556 | Shoals:1 | Got a bloodstained trident
 14562 | Shoals:1 | Noticed a frost giant
 14690 | Shoals:1 | Slain by a faun

Skill      XL: |  1  2  3  4  5  6  7  8  9 10 11 12 13 14 |
---------------+-------------------------------------------+-----
Fighting       | 3 4 5 6 7 9 10 11 12 13 | 13.7
Unarmed Combat | 3 4 5 6 9 11 14 15 | 15.9
Invocations    | 8 10 | 10.0
Shields        | 5 6 |  6.6
Dodging        | |  2.4

Action                   |  1- 3 |  4- 6 |  7- 9 | 10-12 | 13-15 || total
-------------------------+-------+-------+-------+-------+-------++-------
Melee: Unarmed           |   127 |   125 |   181 |   421 |   415 ||  1269
       Punch             |     2 |     4 |     8 |    35 |    27 ||    76
Evoke: Wand              |       |       |     4 |     8 |    18 ||    30
       Box of beasts     |       |       |       |       |     1 ||     1
  Use: Scroll            |       |       |     8 |       |    20 ||    28
       Potion            |       |       |       |       |     4 ||     4
  Eat: Chunk             |    11 |    14 |    20 |    47 |    29 ||   121
Armor: Skin              |    54 |    32 |    46 |   134 |   166 ||   432
Dodge: Dodged            |    73 |    52 |    66 |   159 |   450 ||   800
Block: Medium shield     |     1 |       |       |       |       ||     1
